 Dungeon Crawl Stone Soup version 0.20-b1-2-gc5a9893 (webtiles) character file.

4616 straycat the Sneak (level 10, -5/73 HPs)
             Began as a Vampire Wanderer on May 22, 2017.
             Was an Initiate of Ru.
             Slain by a two-headed ogre
             ... wielding a +0 giant club
              (22 damage)
             ... on level 7 of the Dungeon.
             The game lasted 02:34:06 (15516 turns).

straycat the Sneak (Vampire Wanderer)              Turns: 15516, Time: 02:34:06

Health: -5/73      AC: 20    Str: 15    XL:     10   Next: 19%
Magic:  15/15      EV: 13    Int: 12    God:    Ru [......]
Gold:   394        SH:  0    Dex: 16    Spells: 8/16 levels left

rFire    . . .     SeeInvis +   F - +2 long sword (flame)
rCold    + . .     Gourm    .   (no shield)
rNeg     + + +     Faith    .   I - +2 scale mail {rPois}
rPois    +         Spirit   .   J - +0 helmet
rElec    .         Reflect  .   n - +2 cloak
rCorr    .         Harm     .   p - +0 pair of gloves
MR       +....                  o - +0 pair of boots
Stlth    +++.......             (no amulet)
Regen    0.2/turn               B - +5 ring of protection
MPRegen  0.2/turn               U - ring of positive energy

@: regenerating slowly
A: fangs 3, see invisible, unbreathing
a: Bat Form, Renounce Religion


You were on level 7 of the Dungeon.
You worshipped Ru.
Ru was noncommittal.
You were thirsty.

You visited 2 branches of the dungeon, and saw 10 of its levels.
You also visited: Ossuary.

You collected 394 gold pieces.

Inventory:

Hand Weapons
 a - a +0 shortbow
 i - a +1 hand axe of flaming
 s - a +0 trident
 D - a +3 quarterstaff of chaos
 F - a +2 long sword of flaming (weapon)
 L - a +0 hand crossbow
 M - a +2 mace of protection
 P - a +4 short sword
 S - a +0 scythe
 V - a +3 dagger
Missiles
 f - 70 arrows
 k - 52 bolts
 m - 4 steel tomahawks
 u - 2 javelins
 x - 3 exploding tomahawks
 C - 34 poisoned needles
 Q - 6 tomahawks (quivered)
 Y - a throwing net
Armour
 b - a +0 pair of boots
 g - a +2 robe of cold resistance
 l - a +0 robe of magic resistance
 n - a +2 cloak (worn)
 o - a +0 pair of boots (worn)
 p - a +0 pair of gloves (worn)
 I - a +2 scale mail of poison resistance (worn)
 J - a +0 helmet (worn)
Magical Staves
 c - an uncursed staff of air
Jewellery
 q - an uncursed ring of fire {unknown}
 B - a +5 ring of protection (left hand)
 U - a ring of positive energy (right hand)
Wands
 t - a wand of acid (8/15)
 v - a wand of acid (10/15)
 y - a wand of polymorph (3/24)
 T - a wand of confusion (33/48)
 W - a wand of flame (31/48)
 X - a wand of lightning (6/15)
 Z - a wand of digging (10/24)
Scrolls
 j - a scroll of identify
 r - a scroll of magic mapping
 w - a scroll of blinking {unknown}
 G - 3 scrolls of remove curse
 R - a scroll of fog
Potions
 d - a potion of cancellation {unknown}
 e - 2 potions of blood
 h - a potion of flight {unknown}
 z - a potion of brilliance {unknown}
 H - a potion of might {unknown}
 N - a potion of invisibility
Books
 O - Ojoqauv's Guide on Twisted Feathers
   (You acquired it on level 7 of the Dungeon)

   Spells                             Type                      Level
   a - Apportation                    Translocation                1
   b - Swiftness                      Charms/Air                   2
   c - Shroud of Golubria             Charms/Translocation         2
   d - Poisonous Vapours              Poison/Air                   2
   e - Blink                          Translocation                2
   f - Mephitic Cloud                 Conjuration/Poison/Air       3
   g - Airstrike                      Air                          4
   h - Summon Lightning Spire         Summoning/Air                4


   Skills:
 * Level 4.9 Fighting
 * Level 4.0(5.2) Short Blades
 * Level 4.4(5.1) Long Blades
 + Level 0.1 Staves
 + Level 3.1 Throwing
 + Level 3.0 Armour
 * Level 6.1 Dodging
 + Level 7.1 Stealth
 + Level 6.2 Unarmed Combat
 * Level 3.7 Spellcasting
 + Level 2.9 Conjurations
 + Level 2.1 Charms
 + Level 1.0 Translocations
   Level 1.0 Fire Magic
 + Level 3.5 Air Magic
 + Level 0.8 Poison Magic
 + Level 0.6 Evocations


You had 8 spell levels left.
You knew the following spells:

 Your Spells              Type           Power        Failure   Level  Hunger
a - Shock                 Conj/Air       #...         22%         1    #......
b - Mephitic Cloud        Conj/Pois/Air  #.......     67%         3    ###....
c - Shroud of Golubria    Chrm/Tloc      #.........   56%         2    ##.....
d - Swiftness             Chrm/Air       #.......     38%         2    ##.....


Dungeon Overview and Level Annotations

Branches:
Dungeon (9/15)             Temple (1/1) D:4
   Lair: D:8-11         Orc: D:9-12

Altars:
Ashenzari
Cheibriados
Dithmenos
Fedhas
Gozag
Hepliaklqana
Kikubaaqudgha
Makhleb
Nemelex Xobeh
Okawaru
Qazlal
Ru
Sif Muna
Trog
Uskayaw
Vehumet
Xom
Yredelemnul
Zin
The Shining One


Innate Abilities, Weirdness & Mutations

You heal slowly.
You have razor-sharp teeth.
You have supernaturally acute eyesight. (SInv)
You can survive without breathing.


Message History

The two-headed ogre closely misses you.
The two-headed ogre hits you with a giant club!
You barely miss the two-headed ogre.
The two-headed ogre is heavily wounded.
The two-headed ogre hits you with a giant club!
The two-headed ogre closely misses you.
Okay, then.
You see here an animal skin.
Things that are here:
a robe; a whip of freezing You see here an animal skin.
The two-headed ogre closely misses you.
The two-headed ogre hits you but does no damage.
Two of your 4 potions of blood rot away.
You slash the two-headed ogre! You burn the two-headed ogre.
The two-headed ogre is heavily wounded.
The two-headed ogre hits you with a giant club!
* * * LOW HITPOINT WARNING * * *
The two-headed ogre hits you with a giant club!!
You die...

#.# #.#####.#......... #.#
#.#####.#..####### #.#
#.##.......####### #.#
#.....#....#...... #.#
#.≈≈≈......##.####
#.##############.≈⌠.......##.# #
..................≈..#...)#..# #
...............>O......#..#.#####
................@...............#
..#########.#......###...##.###.#
### #.#......# #...##.##... #
#.#......# #...##.##..# #
#.##.....# #...##.##.)# #
###.##.....# #...##.##..# #
#..........# #......##..# #
#.#.##....[# #.)######...
#########.#.##.###.# #..........#


You could see a two-headed ogre.

Vanquished Creatures
  A two-headed ogre (D:8)
  Pikel (D:7)
  The ghost of murphy the Chopper, an amateur MiBe of Trog (D:4)
  A hippogriff (D:7)
  A spriggan (D:7)
  Sigmund (D:5)
  Menkaure (D:7)
  Edmund (D:4)
  Duvessa (D:4)
  2 slaves (D:7)
  2 black bears
  An eye of draining (D:6)
  A phantom (D:5)
  2 sky beasts (D:6)
  An ogre (D:3)
  A centaur (D:5)
  Blork the orc (D:4)
  6 bullfrogs
  Dowan (D:4)
  A scorpion (D:4)
  4 jellies
  4 crimson imps
  3 hounds
  4 orc priests
  3 orc wizards
  Crazy Yiuf (D:2)
  A centaur skeleton (D:6)
  Terence (D:2)
  2 iguanas
  3 worker ants
  A worker ant zombie (D:7)
  7 gnolls
  18 adders
  2 shadow imps
  An ooze (D:1)
  An adder zombie (D:7)
  An adder skeleton (D:5)
  5 worms (D:2)
  2 dart slugs (D:2)
  7 leopard geckos
  24 orcs
  3 ball pythons
  10 giant cockroaches
  10 goblins
  10 hobgoblins
  8 jackals
  8 quokkas
  8 bats
  6 frilled lizards
  A hobgoblin zombie (Ossuary)
  2 jackal skeletons (D:4)
  7 kobolds
  A kobold zombie (Ossuary)
  A leopard gecko skeleton (D:4)
  3 orc zombies (Ossuary)
  A quokka zombie (D:5)
  11 rats
213 creatures vanquished.

Vanquished Creatures (others)
  A slave (D:7)
  A quokka zombie (D:7)
2 creatures vanquished.

Grand Total: 215 creatures vanquished

Notes
Turn   | Place    | Note
-------+----------+-------------------------------------------
     0 | D:1      | straycat the Vampire Wanderer began the quest for the Orb.
     0 | D:1      | straycat set off with: a +2 dagger, a scroll of fear, the Guide on Conjuration, a +0 robe, a potion of blood
     0 | D:1      | Reached XP level 1. HP: 13/13 MP: 2/2
     2 | D:1      | Identified the Guide on Conjuration
     4 | D:1      | Learned a level 1 spell: Shock
   226 | D:1      | Reached XP level 2. HP: 17/20 MP: 0/3
   751 | D:1      | Reached skill level 1 in Fighting
  1188 | D:2      | Noticed Terence
  1213 | D:2      | Killed Terence
  1213 | D:2      | Reached XP level 3. HP: 15/26 MP: 1/4
  1473 | D:2      | Reached XP level 4. HP: 22/32 MP: 2/5
  2534 | D:2      | Reached skill level 1 in Armour
  2543 | D:2      | Reached skill level 1 in Throwing
  2795 | D:2      | Found a runed door.
  2799 | D:2      | Noticed Crazy Yiuf
  2811 | D:2      | Killed Crazy Yiuf
  2811 | D:2      | Reached XP level 5. HP: 6/38 MP: 4/7
  3619 | D:3      | Found a sparkling altar of Nemelex Xobeh.
  3916 | D:3      | Reached skill level 1 in Air Magic
  4858 | D:3      | Reached skill level 4 in Stealth
  5165 | D:3      | Reached XP level 6. HP: 42/44 MP: 8/8
  6023 | D:3      | Reached skill level 5 in Unarmed Combat
  6023 | D:3      | Reached skill level 1 in Conjurations
  6208 | D:4      | Found an iron altar of Okawaru.
  6258 | D:4      | Noticed Blork the orc
  6278 | D:4      | Killed Blork the orc
  6984 | D:4      | Found a staircase to the Ecumenical Temple.
  7011 | Temple   | Entered the Ecumenical Temple
  7341 | Temple   | Became a worshipper of Ru the Awakened
  7531 | D:4      | Noticed Duvessa
  7531 | D:4      | Noticed Dowan
  7574 | D:4      | Killed Duvessa
  7574 | D:4      | Reached XP level 7. HP: 44/51 MP: 8/10
  7588 | D:4      | Killed Dowan
  7588 | D:4      | Reached skill level 1 in Short Blades
  8360 | D:3      | Reached skill level 1 in Long Blades
  9264 | D:4      | Reached skill level 5 in Stealth
  9447 | D:4      | Noticed murphy's ghost (amateur MiBe)
  9582 | D:4      | Killed murphy's ghost
  9582 | D:4      | Reached XP level 8. HP: 15/58 MP: 7/11
  9981 | D:4      | Noticed Edmund
 10005 | D:4      | Killed Edmund
 10221 | D:5      | Entered Level 5 of the Dungeon
 10266 | D:5      | Found an ancient bone altar of Kikubaaqudgha.
 10351 | D:5      | Noticed Sigmund
 10367 | D:5      | Killed Sigmund
 10602 | D:5      | Found a deep blue altar of Sif Muna.
 10603 | D:5      | Found a blossoming altar of Fedhas.
 10710 | D:5      | Found a sand-covered staircase.
 10875 | Ossuary  | Entered an ossuary
 11390 | D:5      | Learned a level 3 spell: Mephitic Cloud
 11478 | D:6      | Reached skill level 5 in Dodging
 11510 | D:6      | Reached XP level 9. HP: 44/65 MP: 13/13
 11654 | D:6      | Reached skill level 6 in Stealth
 12597 | D:7      | Found a hazy altar of Hepliaklqana.
 12779 | D:7      | Identified a scroll of acquirement
 12779 | D:7      | Identified Ojoqauv's Guide on Twisted Feathers (You acquired it on level 7 of the Dungeon)
 12796 | D:7      | Learned a level 2 spell: Shroud of Golubria
 12799 | D:7      | Learned a level 2 spell: Swiftness
 13146 | D:7      | Noticed Pikel
 13210 | D:7      | Killed Pikel
 13913 | D:7      | Noticed Menkaure
 13925 | D:7      | Killed Menkaure
 13925 | D:7      | Reached XP level 10. HP: 68/73 MP: 11/15
 14058 | D:8      | Noticed a two-headed ogre
 14808 | D:8      | Killed a two-headed ogre
 14808 | D:8      | Reached skill level 7 in Stealth
 14808 | D:8      | Reached skill level 1 in Translocations
 14936 | D:8      | Noticed a two-headed ogre
 15002 | D:9      | HP: 2/73 [two-headed ogre/giant club (4)]
 15516 | D:7      | Slain by a two-headed ogre

Skill      XL: |  1  2  3  4  5  6  7  8  9 10 |
---------------+-------------------------------+-----
Fighting       | 1 2 3 4 |  4.9
Dodging        | 2 3 4 5 6 |  6.1
Armour         | 1 2 3 |  3.0
Throwing       | 1 2 3 |  3.1
Air Magic      | 1 2 3 |  3.5
Stealth        | 4 5 6 7 |  7.1
Unarmed Combat | 5 6 |  6.2
Conjurations   | 1 2 |  2.9
Spellcasting   | 2 3 |  3.7
Short Blades   | 1 2 3 4 |  4.0
Long Blades    | 1 3 4 |  4.4
Charms         | 2 |  2.1
Translocations | 1 |  1.0
Staves         | |  0.1
Fire Magic     | |  1.0
Poison Magic   | |  0.8
Evocations     | |  0.6

Action                   |  1- 3 |  4- 6 |  7- 9 | 10-12 || total
-------------------------+-------+-------+-------+-------++-------
Melee: Unarmed           |    77 |   254 |     1 |       ||   332
       Bite              |     8 |    38 |    39 |     6 ||    91
       Punch             |     1 |     8 |     7 |     2 ||    18
       Dagger            |       |    31 |       |       ||    31
       Long sword        |       |    23 |   361 |    32 ||   416
Throw: Stone             |       |    18 |     3 |       ||    21
       Tomahawk          |       |       |     1 |       ||     1
 Cast: Shock             |    22 |    97 |   158 |    11 ||   288
       Shroud of Golubri |       |       |     1 |     1 ||     2
Invok: Reject Sacrifices |       |       |     1 |       ||     1
 Abil: Bat Form          |       |     3 |     2 |     1 ||     6
       End Transformatio |       |     2 |     2 |     1 ||     5
  Use: Scroll            |     4 |     3 |     8 |     2 ||    17
       Potion            |     3 |    26 |    26 |     5 ||    60
 Stab: Sleeping          |       |     5 |       |     1 ||     6
       Invisible         |       |       |       |     1 ||     1
Armor: Robe              |     8 |       |       |       ||     8
       Ring mail         |    26 |    84 |    46 |       ||   156
       Scale mail        |       |       |   193 |    29 ||   222
Dodge: Dodged            |    59 |   197 |   289 |    41 ||   586
       Rpst.: Long sword |       |     6 |    75 |     7 ||    88
